 Dungeon Crawl Stone Soup version 0.31-a0-175-g9f7f995f2b (webtiles) character file.

Game seed: 3066363183931938754

82 qw the Shooter (level 4, 0/28 HPs)
             Began as a Gargoyle Hunter on June 17, 2023.
             Slain by Sigmund
             ... wielding a +0 scythe
              (10 damage)
             ... on level 2 of the Dungeon.
             The game lasted 00:00:36 (1546 turns).

qw the Shooter (Gargoyle Hunter)                    Turns: 1546, Time: 00:00:36

Health: 0/28       AC:  6    Str: 14    XL:     4   Next: 43%
Magic:  4/4        EV: 11    Int: 10    God:
Gold:   14         SH:  0    Dex: 15    Spells: 3/3 levels left

rFire   . . .        Y - +0 shortbow
rCold   . . .        (shield currently unavailable)
rNeg    + . .        c - +0 leather armour
rPois   inf          (no helmet)
rElec   +            (no cloak)
rCorr   .            (no gloves)
SInv    .            (no boots)
Will    .....        (no amulet)
Stlth   +            (no ring)
HPRegen 0.24/turn    (no ring)
MPRegen 0.09/turn

%: no passive effects
@: confused
A: sickness immunity, AC +3, negative energy resistance 1, electricity
resistance, torment resistance 1, petrification resistance
a: no special abilities


You were on level 2 of the Dungeon.
You visited 1 branch of the dungeon, and saw 2 of its levels.

You collected 64 gold pieces.
You spent 50 gold pieces at shops.


Innate Abilities, Weirdness & Mutations

You are immune to sickness and miasma.
Your stone body is resilient. (AC +3)
You are immune to poison.
You resist negative energy. (rN+)
You are resistant to electric shocks. (rElec)
You are resistant to unholy torment.
You are immune to petrification.


   Skills:
 - Level 3.0 Fighting
 + Level 5.4 Ranged Weapons
 - Level 1.5 Dodging
 - Level 1.1 Stealth


You had 3 spell levels left.
You didn't know any spells.
Your spell library was empty.

Inventory:

Hand Weapons
 Y - a +0 shortbow (weapon)
Armour
 c - a +0 leather armour (worn)
 d - a +2 cloak
Potions
 a - a potion of lignification {unknown}
 b - a potion of mutation {unknown}
 f - a potion of might {unknown}
 g - 2 potions of enlightenment

Dungeon Overview and Level Annotations

Branches:
Dungeon (2/15)

Altars:
Ashenzari

Shops:
D:2 *

Annotations:
D:2 Sigmund


Message History

Enter note:
Enter note:
Enter note:
Enter note:
Enter note:
Enter note: You feel less confused.
You shoot an arrow. The arrow closely misses Sigmund.
Sigmund gestures at you while chanting. The magic dart hits you.
You shoot an arrow. The arrow hits Sigmund!
Sigmund is moderately wounded.
Sigmund barely misses you.
You shoot an arrow.
The arrow hits Sigmund but does no damage.
Sigmund is moderately wounded.
Sigmund closely misses you.
You shoot an arrow. The arrow hits Sigmund!
Sigmund is heavily wounded.
Sigmund barely misses you.
You shoot an arrow. The arrow hits Sigmund.
Sigmund is heavily wounded.
You shoot an arrow. The arrow hits Sigmund.
Sigmund is severely wounded.
Sigmund gestures wildly while chanting.
Sigmund flickers and vanishes!
Deactivating autopickup; reactivate with Ctrl-A.
You shoot an arrow. Something hits you!
You shoot an arrow.
You hear some strange, mumbled words.
You are confused.
You shoot an arrow. Something hits you!
You shoot an arrow.
You hear some strange, mumbled words.
You are more confused.
You shoot an arrow. Something hits you!
You die...

##.##.#######
#.#####..#.#.##.##
#.#..........
#.#......#........
##.#.########
#.#.####.#.#.##...
###.# #.#.#
#.....%.... #.#
#.#.# #.#.#.###.#
#.# #.#.# #.#.#.#
#.. #.# #
#.#.####.#.#.# ###
#.#
#.#..).....#...#
#.#
#{.@.......#.###
#..
..........######.#
###########
#.#######
#........
#########


There were no monsters in sight!

Vanquished Creatures
  3 adders (D:2)
  A worm (D:2)
  4 endoplasms (D:2)
  6 giant cockroaches
  2 hobgoblins
  4 jackals (D:1)
  3 quokkas
  3 ball pythons
  3 bats
  3 frilled lizards
  8 goblins
  4 kobolds
  5 rats
49 creatures vanquished.

Notes
Turn   | Place    | Note
-------+----------+-------------------------------------------
     0 | D:1      | qw the Gargoyle Hunter began the quest for the Orb.
     0 | D:1      | Reached XP level 1. HP: 12/12 MP: 1/1
     0 | D:1      | 0 ||| qw: Version: 0.3-a-2-g5ab2908
     0 | D:1      | 0 ||| qw: Game counter: 117
     0 | D:1      | 0 ||| qw: Always use a shield: true
     0 | D:1      | 0 ||| qw: God list: Okawaru
     0 | D:1      | 0 ||| qw: Allow faded altars: false
     0 | D:1      | 0 ||| qw: Do Orc after D:15 true
     0 | D:1      | 0 ||| qw: Do second Lair branch before Depths: true
     0 | D:1      | 0 ||| qw: Lair rune preference: random
     0 | D:1      | 0 ||| qw: Plans: Normal, Zot:1-4, Slime:5, God:TSO, Crypt,
                  | Tomb, Abyss, Pan, Hells, Win
     0 | D:1      | 0 ||| PLANNING D:1-11
   238 | D:1      | Reached XP level 2. HP: 17/17 MP: 2/2
   572 | D:1      | Reached XP level 3. HP: 21/21 MP: 3/3
   854 | D:1      | 854 ||| READING 2 scrolls labelled JUKKO NAELIULOA.
   855 | D:1      | 855 ||| READING scroll labelled NIUG UKHLEDU.
   856 | D:1      | 856 ||| DROPPING scroll of vulnerability.
   857 | D:1      | 857 ||| DROPPING scroll of butterflies.
   920 | D:2      | Found a broken altar of Ashenzari.
   941 | D:2      | Reached skill level 5 in Ranged Weapons
  1054 | D:2      | Reached skill level 3 in Fighting
  1089 | D:2      | Reached XP level 4. HP: 23/28 MP: 4/4
  1381 | D:2      | Found Peqieqitza's General Store.
  1387 | D:2      | 1387 ||| SHOPLISTING +1 heavy orcbow (133 gold, have 59).
  1387 | D:2      | 1387 ||| SHOPLISTING +1 leather armour of Kyepeeri {Slay+3}
                  | (266 gold, have 59).
  1387 | D:2      | 1387 ||| BUYING potion of enlightenment (50 gold).
  1387 | D:2      | Bought a potion of enlightenment for 50 gold pieces
  1387 | D:2      | 1387 ||| SHOPLISTING scroll of identify (20 gold, have 9).
  1387 | D:2      | 1387 ||| SHOPLISTING scroll of teleportation (30 gold, have
                  | 9).
  1530 | D:2      | Noticed Sigmund
  1546 | D:2      | Slain by Sigmund

Levels and vault maps discovered:
D:1:      nzn_arrival_depleted_hourglass, layout_loops_corners,
          kennysheep_small_spiral
D:2:      layout_loops_ring, serial_shops, shop, basic_altar, uniq_sigmund

Skill      XL: |  1  2  3 |
---------------+----------+-----
Ranged Weapons | 5 |  5.4
Fighting       | 3 |  3.0
Dodging        | |  1.5
Stealth        | |  1.1

Action                     |  1- 3 |  4- 6 || total
---------------------------+-------+-------++-------
   Fire: Shortbow          |   104 |    58 ||   162
    Use: Scroll            |     2 |       ||     2
 Armour: Leather armour    |    35 |     1 ||    36
  Dodge: Dodged            |    48 |     9 ||    57

Table legend:
 A = Non-vault XP
 B = Vault XP
 C = Vault XP percentage of total XP
 D = Non-vault monster count
 E = Vault monster count
 F = Vault count percentage of total count
                 A         B        C        D         E       F
            +---------+---------+-------+---------+---------+-------
      Total |     118 |       0 |   0.0 |      49 |       0 |   0.0
            +---------+---------+-------+---------+---------+-------
        D:1 |      36 |       0 |   0.0 |      23 |       0 |   0.0
        D:2 |      82 |       0 |   0.0 |      26 |       0 |   0.0
            +---------+---------+-------+---------+---------+-------
